 Dungeon Crawl Stone Soup version 0.29-a0-925-g0a7a3d12f8 (webtiles) character file.

Game seed: 16380576583684180047

31 quixfox the Digger (level 3, -1/19 HPs)
             Began as a Gargoyle Earth Elementalist on July 30, 2022.
             Was an Initiate of Vehumet.
             Killed by nerve-wracking pain
             ... invoked by Grinder
              (2 damage)
             ... on level 3 of the Dungeon.
             The game lasted 00:02:53 (1621 turns).

quixfox the Digger (Gargoyle Earth Elementalist)    Turns: 1621, Time: 00:02:54

Health: -1/19      AC:  6    Str: 11    XL:     3   Next: 22%
Magic:  1/7        EV: 11    Int: 17    God:    Vehumet [......]
Gold:   91         SH:  0    Dex: 10    Spells: 1/7 levels left

rFire   . . .      SeeInvis .   m - +2 whip (flame)
rCold   . . .      Faith    .   (no shield)
rNeg    + . .      Spirit   .   a - +0 robe
rPois   ∞          Reflect  .   (no helmet)
rElec   +          Harm     .   (no cloak)
rCorr   .          Rampage  .   (no gloves)
Will    .....                   u - +0 pair of boots
Stlth   ++........              (no amulet)
HPRegen 0.06/turn               (no ring)
MPRegen 0.10/turn               (no ring)

@: no status effects
A: sickness immunity, AC +3, negative energy resistance 1, electricity
resistance, torment resistance 1, petrification resistance
a: Renounce Religion


You were on level 3 of the Dungeon.
You worshipped Vehumet.
Vehumet was noncommittal.
You visited 1 branch of the dungeon, and saw 3 of its levels.

You collected 91 gold pieces.

Inventory:

Hand Weapons
 m - a +2 whip of flaming (weapon)
Armour
 a - a +0 robe (worn)
 u - a +0 pair of boots (worn)
Scrolls
 c - 3 scrolls of identify {unknown}
 e - 2 scrolls of teleportation {unknown}
 i - a scroll of brand weapon {unknown}
 j - a scroll of amnesia {unknown}
 k - 2 scrolls of enchant weapon {unknown}
 l - 2 scrolls of torment {unknown}
 p - a scroll of noise {unknown}
 q - a scroll of blinking {unknown}
 r - a scroll of poison {unknown}
Potions
 b - 3 potions of magic
 d - a potion of resistance {unknown}
 f - a potion of lignification {unknown}
 g - a potion of cancellation {unknown}
 h - a potion of might {unknown}
 n - a potion of curing {unknown}
 o - a potion of heal wounds {unknown}
 s - a potion of haste {unknown}
 t - 2 potions of brilliance {unknown}


   Skills:
 - Level 1.5 Dodging
 - Level 2.1 Stealth
 + Level 2.7 Spellcasting
 + Level 0.1 Conjurations
 - Level 0.7 Transmutations
 + Level 4.4 Earth Magic


You had one spell level left.
You knew the following spells:

 Your Spells              Type           Power      Damage    Failure   Level
a - Sandblast             Erth           34%        2d9       3%          1
b - Passwall              Tmut/Erth      9%         N/A       10%         2
c - Stone Arrow           Conj/Erth      20%        3d8       22%         3

Your spell library contained the following spells:

 Spells                   Type           Power      Damage    Failure   Level
 Petrify                  Tmut/Erth      11%        N/A       52%         4


Dungeon Overview and Level Annotations

Branches:
Dungeon (3/15)

Altars:
Vehumet

Annotations:
D:3 Grinder


Innate Abilities, Weirdness & Mutations

You are immune to sickness and miasma.
Your stone body is resilient. (AC +3)
You are immune to poison.
You resist negative energy. (rN+)
You are resistant to electric shocks. (rElec)
You are resistant to unholy torment.
You are immune to petrification.


Message History

Nothing appears to happen.
Grinder hits you.
Aiming: Sandblast (safe; 3% risk of failure)
Press: ? - help, Q - select action, (/) - cycle Shift-Dir - straight line, f/p - Grinder
Aim: Grinder (moderately wounded, 80% to hit)
The blast of sand misses Grinder.
Grinder gestures at you. Pain shoots through your body! Grinder hits you.
Aiming: Sandblast (safe; 3% risk of failure)
Press: ? - help, Q - select action, (/) - cycle Shift-Dir - straight line, f/p - Grinder
Aim: Grinder (moderately wounded, 80% to hit)
The blast of sand hits Grinder!
Grinder is heavily wounded.
Grinder barely misses you. x2
Aiming: Sandblast (safe; 3% risk of failure)
Press: ? - help, Q - select action, (/) - cycle Shift-Dir - straight line, f/p - Grinder
Aim: Grinder (heavily wounded, 80% to hit)
The blast of sand hits Grinder!
Grinder is severely wounded.
Grinder completely misses you. Grinder hits you.
You writhe in agony.
Aiming: Sandblast (safe; 3% risk of failure)
Press: ? - help, Q - select action, (/) - cycle Shift-Dir - straight line, f/p - Grinder
Aim: Grinder (severely wounded, 80% to hit)
The blast of sand hits Grinder.
Grinder is severely wounded.
Grinder hits you but does no damage. Grinder gestures at you.
Pain shoots through your body!
* * * LOW HITPOINT WARNING * * *
Your magical contamination has completely faded away.
Aiming: Sandblast (safe; 3% risk of failure)
Press: ? - help, Q - select action, (/) - cycle Shift-Dir - straight line, f/p - Grinder
Aim: Grinder (severely wounded, 80% to hit)
The blast of sand hits Grinder!
Grinder is almost dead.
Grinder hits you.
* * * LOW HITPOINT WARNING * * *
Grinder gestures at you. Pain shoots through your body!
You die...

#.##..#.#......###
#. ...#.#........
# ##..#.#......#
#..#.#......# #
#..#........#####
#..#............
#...............
#..........####
.........5@.#
##......#'####
#......#.#
#......#.#
#..#...#.# .....
+......).
#........
#......5.
#........


You could see Grinder.

Vanquished Creatures
  An adder (D:2)
  A dart slug (D:1)
  An endoplasm (D:1)
  2 giant cockroaches
  3 goblins (D:1)
  A hobgoblin (D:2)
  3 ball pythons
  2 frilled lizards
  3 kobolds (D:1)
  4 rats
21 creatures vanquished.

Notes
Turn   | Place    | Note
-------+----------+-------------------------------------------
     0 | D:1      | quixfox the Gargoyle Earth Elementalist began the quest for
                  | the Orb.
     0 | D:1      | Reached XP level 1. HP: 10/10 MP: 3/3
   554 | D:1      | Reached skill level 4 in Earth Magic
   554 | D:1      | Reached XP level 2. HP: 15/15 MP: 3/5
   952 | D:2      | Found a radiant altar of Vehumet.
   961 | D:2      | Became a worshipper of Vehumet
  1150 | D:2      | Reached XP level 3. HP: 19/19 MP: 4/7
  1153 | D:2      | Learned a level 2 spell: Passwall
  1157 | D:2      | Learned a level 3 spell: Stone Arrow
  1605 | D:3      | Noticed Grinder
  1621 | D:3      | Killed from afar by Grinder

Illustrated notes

Levels and vault maps discovered:
D:1:      eino_arrival_cavern_e, layout_rooms
D:2:      layout_loops_ring, serial_glass, glass_columns_a, glass_columns_a,
          basic_altar
D:3:      layout_basic, lemuel_doored_altar, slow_altar_1, lemuel_tele_altar,
          nicolae_ru_sacrificial_ziggurat, nicolae_ecumenical_oubliette,
          uniq_crazy_yiuf_cottage, uniq_grinder

Skill      XL: |  1 |
---------------+----+-----
Earth Magic    | 4 |  4.4
Dodging        | |  1.5
Stealth        | |  2.1
Spellcasting   | |  2.7
Conjurations   | |  0.1
Transmutations | |  0.7

Action                   || total
-------------------------++-------
 Cast: Sandblast         ||    38
Armor: Robe              ||     7
Dodge: Dodged            ||    11

Table legend: (Time is in decaauts)
 A = Elapsed time spent in this place.
 B = Non-inter-level travel time spent in this place.
 C = Inter-level travel time spent in this place.
 D = Time resting spent in this place.
 E = Time spent auto-exploring this place.
 F = Levels seen in this place.
 G = Mean time per level.
                   A        B        C        D        E       F      G
               +--------+--------+--------+--------+--------+-----+--------+
         Total |   1656 |   1627 |     29 |    178 |   1180 |   3 |  552.0 |
       Dungeon |   1656 |   1627 |     29 |    178 |   1180 |   3 |  552.0 |
               +--------+--------+--------+--------+--------+-----+--------+

Top non-repeatable levels by time:
     D:2: 791 daAuts
     D:1: 786 daAuts
     D:3: 78 daAuts
